 Dungeon Crawl Stone Soup version 0.30.1-5-ged363bc7ee (webtiles) character file.

Game seed: 15672327442349419762

104 booth the Grasshopper (level 4, -6/34 HPs)
             Began as a Barachi Warper on Sept 19, 2023.
             Killed from afar by Sigmund (9 damage)
             ... with a magic dart
             ... on level 2 of the Dungeon.
             The game lasted 00:14:30 (2099 turns).

booth the Grasshopper (Barachi Warper)              Turns: 2099, Time: 00:14:31

Health: -6/34      AC:  6    Str: 13    XL:     4   Next: 80%
Magic:  8/8        EV: 12    Int: 13    God:
Gold:   41         SH:  0    Dex: 13    Spells: 1/8 levels left

rFire   . . .        a - +0 falchion
rCold   . . .        (no shield)
rNeg    . . .        b - +0 leather armour
rPois   .            j - +2 hat
rElec   .            (no cloak)
rCorr   .            f - +0 pair of gloves
SInv    .            (no boots)
Will    .....        (no amulet)
Stlth   +            (no ring)
HPRegen 0.25/turn    (no ring)
MPRegen 0.11/turn

%: no passive effects
@: unable to hop, slow
A: amphibious, slowness 1, strong legs 1, +LOS
a: Hop


You were on level 2 of the Dungeon.
You visited 1 branch of the dungeon, and saw 2 of its levels.

You collected 41 gold pieces.

Inventory:

Hand Weapons
 a - a +0 falchion (weapon)
 h - a +0 short sword of freezing
 n - a +0 hand axe
Missiles
 d - 4 boomerangs of dispersal (quivered)
 e - 2 poisoned darts
Armour
 b - a +0 leather armour (worn)
 f - a +0 pair of gloves (worn)
 j - a +2 hat (worn)
 o - a +0 chain mail of willpower
Scrolls
 c - a scroll of blinking
 p - a scroll of acquirement {unknown}
 q - a scroll of noise {unknown}
 s - a scroll of amnesia
Potions
 g - a potion of curing
 i - a potion of brilliance {unknown}
 k - a potion of flight {unknown}
 l - a potion of heal wounds
 m - a potion of experience {unknown}
 r - a potion of might {unknown}


   Skills:
 + Level 2.9 Fighting
 + Level 2.9 Long Blades
 + Level 1.6 Throwing
 + Level 2.1 Armour
 + Level 2.8 Dodging
 + Level 2.8 Spellcasting
 * Level 4.1 Translocations


You had one spell level left.
You knew the following spells:

 Your Spells              Type           Power      Damage    Failure   Level
a - Blink                 Tloc           24%        N/A       9%          2
b - Lesser Beckoning      Tloc           24%        N/A       9%          2
c - Teleport Other        Tloc           12%        N/A       17%         3

Your spell library contained the following spells:

 Spells                   Type           Power      Damage    Failure   Level
 Vhi's Electric Charge    Tloc/Air       14%        N/A       36%         3
 Manifold Assault         Tloc           12%        N/A       50%         4
 Ignite Poison            Fire/Tmut/Pois 1%         N/A       65%         3
 Sticky Flame             Conj/Fire      1%         2d3       96%         4
 Ignition                 Fire           0%         3d3       100%        8


Dungeon Overview and Level Annotations

Branches:
Dungeon (2/15)

Altars:

Shops:
D:2 (

Annotations:
D:2 1 runed translucent door, Crazy Yiuf, Sigmund


Innate Abilities, Weirdness & Mutations

You are amphibious.
You cover ground slowly.
You can hop short distances.
You have an extended range of vision and can be seen from far away.


Message History

e - 5 poisoned darts (gained 1)
Found a hammer.
Found a runed translucent door.
Crazy Yiuf says, "Cod!"
Found a stone staircase leading down.
Found a stone staircase leading down.
Sigmund the Dreaded comes into view.
He is wielding a +0 scythe.
Sigmund is nearby!
Throw: 5 darts (poison)
Press: ? - help, Q - select action, (/) - cycle Shift-Dir - straight line, f - Sigmund
Aim: Sigmund, wielding a +0 scythe and wearing a +0 robe (53% to hit)
You throw a poisoned dart. The poisoned dart hits Sigmund.
Sigmund is poisoned.
Throw: 4 darts (poison)
Press: ? - help, Q - select action, (/) - cycle Shift-Dir - straight line, f/p - Sigmund
Aim: Sigmund, wielding a +0 scythe and wearing a +0 robe (lightly wounded, poisoned, 53% to hit)
You throw a poisoned dart.
The poisoned dart closely misses Sigmund.
Throw: 3 darts (poison)
Press: ? - help, Q - select action, (/) - cycle Shift-Dir - straight line, f/p - Sigmund
Aim: Sigmund, wielding a +0 scythe and wearing a +0 robe (lightly wounded, poisoned, 53% to hit)
You throw a poisoned dart. The poisoned dart hits Sigmund.
Sigmund looks even sicker.
Sigmund is lightly wounded.
Sigmund points at you and mumbles some strange words.
You are confused.
You bump into the rock wall.
Sigmund drinks a potion.
Sigmund flickers and vanishes!
Deactivating autopickup; reactivate with Ctrl-A.
Okay, then.
It was a potion of curing.
You feel better. Something hits you!
You slash something! Something hits you!
You hit something. Something hits you!
You miss something. Something hits you but does no damage.
You barely miss something. Something hits you!
* * * LOW HITPOINT WARNING * * *
Hop to where?
Press: ? - help, Dir - move target Boing!
A magic dart appears from out of thin air!
The magic dart hits you!
You die...

♣.♣♣ ### #.#
♣♣.♣ #.# ♣.♣♣
#.# #+# #.# ...
# #.# ...# #.
#.# )..# #.. #.#
####
#.(.##########.#
#(..{°....@....#
#...############
#..... #####


There were no monsters in sight!

Vanquished Creatures
  Natasha (twice) (D:2)
  2 dart slugs
  5 ball pythons
  5 endoplasms
  2 giant cockroaches
  4 goblins
  5 hobgoblins
  6 quokkas
  5 bats
  5 frilled lizards (D:1)
  3 kobolds (D:1)
  6 rats
50 creatures vanquished.

Notes
Turn   | Place    | Note
-------+----------+-------------------------------------------
     0 | D:1      | booth the Barachi Warper began the quest for the Orb.
     0 | D:1      | Reached XP level 1. HP: 17/17 MP: 3/3
   365 | D:1      | Reached XP level 2. HP: 23/23 MP: 5/5
   622 | D:1      | Learned a level 2 spell: Blink
   625 | D:1      | Learned a level 2 spell: Lesser Beckoning
   664 | D:1      | Reached XP level 3. HP: 28/28 MP: 6/6
  1349 | D:1      | Learned a level 3 spell: Teleport Other
  1444 | D:2      | Noticed Natasha
  1459 | D:2      | Killed Natasha
  1460 | D:2      | Reached XP level 4. HP: 16/34 MP: 6/8
  1796 | D:2      | Found Lauluif's Weapon Shoppe.
  1870 | D:2      | Reached skill level 4 in Translocations
  1955 | D:2      | Noticed Natasha
  1962 | D:2      | Killed Natasha
  2021 | D:2      | Found a runed translucent door.
  2022 | D:2      | Noticed Crazy Yiuf
  2087 | D:2      | Noticed Sigmund
  2099 | D:2      | Killed from afar by Sigmund

Illustrated notes

Levels and vault maps discovered:
D:1:      lemuel_arrival_room, layout_loops_corners, minmay_pentomino_x4
D:2:      layout_basic, serial_shops, shop, chequers_ecumenical_altar_grove,
          uniq_crazy_yiuf_cottage, uniq_sigmund, uniq_natasha

Skill      XL: |  1  2  3  4 |
---------------+-------------+-----
Armour         | 2 |  2.1
Translocations | 4 |  4.1
Fighting       | |  2.9
Long Blades    | |  2.9
Throwing       | |  1.6
Dodging        | |  2.8
Spellcasting   | |  2.8

Action                     |  1- 3 |  4- 6 || total
---------------------------+-------+-------++-------
  Melee: Falchion          |   117 |    42 ||   159
         Punch             |     1 |       ||     1
  Throw: Dart              |    14 |     7 ||    21
         Boomerang         |     9 |     5 ||    14
Ability: Hop               |       |     1 ||     1
    Use: Potion            |     1 |     1 ||     2
         Scroll            |     1 |       ||     1
 Armour: Leather armour    |    37 |    13 ||    50
  Dodge: Dodged            |    77 |    24 ||   101
